 Dungeon Crawl Stone Soup version 0.25-a0-843-g6944ee31a2 (webtiles) character file.

Game seed: 12357220233759913119, levelgen mode: deterministic

11 Esekla the Chiller (level 2, -1/15 HPs)
             Began as a Tengu Ice Elementalist on Apr 26, 2020.
             Slain by a kobold
             ... wielding a +0 short sword
              (6 damage)
             ... on level 1 of the Dungeon.
             The game lasted 00:03:17 (497 turns).

Esekla the Chiller (Tengu Ice Elementalist)          Turns: 497, Time: 00:03:17

Health: -1/15      AC:  2    Str:  8    XL:     2   Next: 29%
Magic:  3/6        EV: 13    Int: 15    God:
Gold:   58         SH:  0    Dex: 14    Spells: 4/5 levels left

rFire    . . .     SeeInvis .   (no weapon)
rCold    . . .     Gourm    .   (no shield)
rNeg     . . .     Faith    .   a - +0 robe
rPois    .         Spirit   .   (helmet restricted)
rElec    .         Reflect  .   (no cloak)
rCorr    .         Harm     .   (no gloves)
MR       .....                  (boots unavailable)
Stlth    ++........             (no amulet)
HPRegen  0.05/turn              (no ring)
MPRegen  0.10/turn              (no ring)

@: no status effects
A: beak, talons 3
a: no special abilities


You were on level 1 of the Dungeon.
You were not hungry.

You visited 1 branch of the dungeon, and saw 2 of its levels.

You collected 58 gold pieces.

Inventory:

Missiles
 f - 16 poisoned darts (quivered)
Armour
 a - a +0 robe (worn)
Scrolls
 b - 2 scrolls of remove curse {unknown}
 e - a scroll of teleportation {unknown}
 g - a scroll of enchant armour {unknown}
Potions
 d - a potion of stabbing {unknown}
Comestibles
 c - 2 rations


   Skills:
 * Level 1.4 Armour
 + Level 2.5 Dodging
 - Level 2.0 Stealth
 + Level 2.1 Spellcasting
 - Level 3.6 Ice Magic


You had 4 spell levels left.
You knew the following spells:

 Your Spells              Type           Power        Failure   Level  Hunger
a - Freeze                Ice            ##..         4%          1    #......

Your spell library contained the following spells:

 Spells                   Type           Power        Failure   Level  Hunger
 Frozen Ramparts          Ice            ##....       16%         3    ###....
 Ozocubu's Armour         Chrm/Ice       #.......     30%         3    ###....
 Hailstorm                Conj/Ice       #.......     71%         4    #####..
 Summon Ice Beast         Ice/Summ       #.......     71%         4    #####..


Dungeon Overview and Level Annotations

Branches:
Dungeon (2/15)

Altars:


Innate Abilities, Weirdness & Mutations

You have a beak for a mouth.
You have claws for feet.


Message History

Confirm with . or Enter, or press ? or * to list all spells.
Aiming: Freeze (safe; 4% risk of failure)
Press: ? - help, Shift-Dir - straight line, f/p - goblin
Aim: a goblin (severely wounded)
You freeze the goblin.
You kill the goblin!
The kobold throws a stone.
The stone hits you but does no damage.
The kobold throws a stone.
The stone barely misses you.
Things that are here:
a stone; a goblin corpse The kobold hits you with a +0 short sword.
Casting: Freeze (safe; 4% risk of failure)
Confirm with . or Enter, or press ? or * to list all spells.
Aiming: Freeze (safe; 4% risk of failure)
Press: ? - help, Shift-Dir - straight line, f - kobold
Aim: a kobold, wielding a +0 short sword You freeze the kobold.
The kobold is moderately wounded.
The kobold hits you with a +0 short sword.
You die...

#.# #.# #..
#.###.####.......#
#.............# ##
#####.####### #.
#.######..g...
#.......g.....
#####.(.####..###.
#.K.....?..... #.
#@###...####.. ..
#(# ##.## ### #(#
#.# #.# #.# #.#
#?# #.# #.# #.# .#
#.# #.#


You could see a kobold.

Vanquished Creatures
  4 goblins (D:1)
  2 hobgoblins
  2 kobolds (D:1)
  A bat (D:1)
  A rat (D:1)
10 creatures vanquished.

Notes
Turn   | Place    | Note
-------+----------+-------------------------------------------
     0 | D:1      | Esekla the Tengu Ice Elementalist began the quest for the
                  | Orb.
     0 | D:1      | Reached XP level 1. HP: 10/10 MP: 4/4
   249 | D:1      | Reached skill level 1 in Armour
   249 | D:1      | Reached XP level 2. HP: 15/15 MP: 4/6
   438 | D:2      | Noticed an ogre
   497 | D:1      | Slain by a kobold

Levels and vault maps discovered:
D:1:      ncdulo_watergridlock, layout_loops_ring
D:2:      minmay_inner_zag, layout_loops_ring, first_ration

Skill      XL: |  1 |
---------------+----+-----
Armour         | 1 |  1.4
Dodging        | |  2.5
Stealth        | |  2.0
Spellcasting   | |  2.1
Ice Magic      | |  3.6

Action                   || total
-------------------------++-------
 Cast: Freeze            ||    16
Armor: Robe              ||     2
Dodge: Dodged            ||     5

Table legend:
 A = Non-vault XP
 B = Vault XP
 C = Vault XP percentage of total XP
 D = Non-vault monster count
 E = Vault monster count
 F = Vault count percentage of total count
                 A         B        C        D         E       F
            +---------+---------+-------+---------+---------+-------
      Total |      17 |       0 |   0.0 |      10 |       0 |   0.0
            +---------+---------+-------+---------+---------+-------
        D:1 |      15 |       0 |   0.0 |       9 |       0 |   0.0
        D:2 |       2 |       0 |   0.0 |       1 |       0 |   0.0
            +---------+---------+-------+---------+---------+-------
